 Dungeon Crawl Stone Soup version 0.29.1 (webtiles) character file.

Game seed: 4688462303380968826

926 Icepheonix32 the Covered (level 7, -1/61 HPs)
             Began as a Minotaur Fighter on Sept 14, 2022.
             Slain by Splishie's ghost (3 damage)
             ... on level 4 of the Dungeon.
             The game lasted 00:06:26 (4107 turns).

Icepheonix32 the Covered (Minotaur Fighter)         Turns: 4107, Time: 00:06:27

Health: -1/61      AC:  8    Str: 22    XL:     7   Next: 85%
Magic:  6/6        EV: 13    Int:  5    God:
Gold:   240        SH:  0    Dex: 17    Spells: 4/6 levels left

rFire   . . .      SeeInvis .   u - +3 whip (elec)
rCold   x . .      Faith    .   (no shield)
rNeg    . . .      Spirit   .   x - +3 leather armour of Dithmenos's Esteem {Fly rC- Dex+7}
rPois   .          Reflect  .   (helmet restricted)
rElec   .          Harm     .   s - +0 cloak
rCorr   .          Rampage  .   (no gloves)
Will    .....                   (no boots)
Stlth   +.........              (no amulet)
HPRegen 0.20/turn               k - ring of wizardry
MPRegen 0.10/turn               (no ring)

@: mighty, lethally poisoned (-1 -> -2), flying, invisible
A: horns 2, retaliatory headbutt
a: no special abilities


You were on level 4 of the Dungeon.
You visited 1 branch of the dungeon, and saw 4 of its levels.
You also visited: Sewer.

You collected 240 gold pieces.

Inventory:

Hand Weapons
 a - a +0 war axe
 u - a +3 whip of electrocution (weapon)
Missiles
 e - 4 curare-tipped darts (quivered)
Armour
 b - a +0 scale mail
 c - a +0 buckler
 j - a +0 tower shield
 r - a +0 kite shield
 s - a +0 cloak (worn)
 t - a +0 chain mail
 x - the +3 leather armour of Dithmenos's Esteem (worn) {Fly rC- Dex+7}
   (You found it on level 4 of the Dungeon)

   Dex:       It affects your dexterity (+7).
   rC:        It makes you vulnerable to cold.
   Fly:       It grants you flight.
Jewellery
 k - a ring of wizardry (left hand)
 w - a ring of willpower
Scrolls
 f - 2 scrolls of teleportation {unknown}
 i - a scroll of identify
 l - a scroll of fear
 n - a scroll of butterflies
 o - a scroll of immolation
 y - a scroll of enchant weapon
Potions
 d - a potion of might
 g - 7 potions of flight
 m - a potion of cancellation {unknown}
 p - a potion of haste {unknown}
 q - a potion of lignification {unknown}
 v - 2 potions of brilliance {unknown}


   Skills:
 + Level 5.0 Fighting
 - Level 5.1(5.5) Axes
 + Level 3.1(4.5) Maces & Flails
 + Level 0.4 Throwing
 - Level 6.4 Armour
 * Level 3.1 Dodging
 + Level 0.2 Stealth
 - Level 4.4 Shields
 * Level 2.7 Transmutations


You had 4 spell levels left.
You knew the following spells:

 Your Spells              Type           Power      Damage    Failure   Level
a - Wereblood             Tmut           2%         N/A       12%         2

Your spell library contained the following spells:

 Spells                   Type           Power      Damage    Failure   Level
 Beastly Appendage        Tmut           4%         N/A       8%          1
 Shock                    Conj/Air       0%         1d3       24%         1
 Blink                    Tloc           0%         N/A       32%         2
 Static Discharge         Conj/Air       0%         3-3/arc   32%         2
 Spider Form              Tmut/Pois      1%         N/A       38%         3
 Lesser Beckoning         Tloc           0%         N/A       54%         3
 Swiftness                Air            0%         N/A       54%         3
 Airstrike                Air            0%         2d(0-16)  90%         4
 Passage of Golubria      Tloc           0%         N/A       90%         4
 Summon Lightning Spire   Summ/Air       0%         N/A       90%         4
 Manifold Assault         Tloc           0%         N/A       99%         5
 Chain Lightning          Conj/Air       0%         N/A       100%        9
 Fire Storm               Conj/Fire      0%         5d1       100%        9
 Shatter                  Erth           0%         3d5*      100%        9


Dungeon Overview and Level Annotations

Branches:
Dungeon (4/15)              Sewer (visited)
 Temple: D:4-7

Altars:
Wu Jian

Annotations:
D:4 Splishie's ghost, amateur GnWn


Innate Abilities, Weirdness & Mutations

You have a pair of horns on your head.
You reflexively headbutt those who attack you in melee.


Message History

You kill the kobold!
Splishie's ghost gestures wildly while chanting.
The kobold attacks as you move away! The kobold closely misses you.
You feel sick.
Splishie's ghost casts a spell.
You closely miss the quokka. Your headbutt misses the quokka.
You feel sick. The quokka closely misses you.
You whack the quokka!
You kill the quokka!
The quokka's corpse disappears in a puff of smoke!
You feel sick.
You feel sick. The kobold hits you but does no damage.
Splishie's ghost barely misses you.
The kobold hits you with a +5 dagger of distortion.
Space warps horribly around you!
You whack the kobold!
You kill the kobold!
You feel sick.
The kobold throws a stone.
The stone hits you but does no damage.
The kobold hits you with a +5 dagger of distortion.
Space warps around you.
Splishie's ghost says, "I sacrificed my body for ultimate power!"
Splishie's ghost misses you. You furiously retaliate!
You headbutt Splishie's ghost! You closely miss Splishie's ghost.
Splishie's ghost is heavily damaged.
You feel sick. The kobold hits you but does no damage.
Space warps horribly around you!
* * * LOW HITPOINT WARNING * * *
Splishie's ghost closely misses you. You furiously retaliate!
You headbutt Splishie's ghost! The rat closely misses you.
You furiously retaliate!
You headbutt the rat!
You kill the rat!
The rat's corpse disappears in a puff of smoke!
Unknown command.
It was a potion of invisibility.
You fade into invisibility!
* * * LOW HITPOINT WARNING * * *
You feel sick. The kobold misses you. Splishie's ghost hits you.
You die...

##....# ##### #.#
#....# ##.$$###.# #
#....###.....##.# #
###...#.#...#.### #
###.#⌠.#.#.⌠# #
###.#...#.# #
###.K...### ######
#.##W''##.# ##.....
#..@Kr....####..####
####K.#.....##.## ##
#####.##...#.##.# #.
#.....##.#.#)#..####.
#.....##.#.........#.
#.....##.###>........
###.....##.#
#.##......
#.'.....##.#
#)........
#.#.....##.#
#.......#.


You could see Splishie's ghost (unable to see you), a quokka (summoned, unable
to see you) and 3 kobolds.

Vanquished Creatures
  Grinder (D:3)
  Sigmund (D:4)
  Duvessa (D:4)
  A kobold brigand (D:4)
  Dowan (D:4)
  A hound (D:4)
  A jelly (D:4)
  An iguana (D:3)
  Robin (D:2)
  3 gnolls (D:3)
  5 river rats (Sewer)
  9 adders
  3 worms
  2 orcs
  8 endoplasms
  3 giant cockroaches (Sewer)
  10 goblins
  9 hobgoblins
  9 jackals
  9 kobolds
  2 quokkas
  7 ball pythons
  15 bats
  6 frilled lizards
  A rat (D:1)
110 creatures vanquished.

Notes
Turn   | Place    | Note
-------+----------+-------------------------------------------
     0 | D:1      | Icepheonix32 the Minotaur Fighter began the quest for the
                  | Orb.
     0 | D:1      | Reached XP level 1. HP: 19/19 MP: 0/0
   102 | D:1      | Reached XP level 2. HP: 27/27 MP: 1/1
   199 | D:1      | Reached skill level 4 in Armour
   241 | D:1      | Found a faded altar of an unknown god.
   959 | D:2      | Reached XP level 3. HP: 33/33 MP: 2/2
  1032 | D:2      | Noticed Robin
  1040 | D:2      | Killed Robin
  1382 | D:2      | Reached XP level 4. HP: 32/40 MP: 3/3
  1965 | D:3      | Learned a level 2 spell: Wereblood
  1996 | D:3      | Reached skill level 1 in Dodging
  1996 | D:3      | Reached XP level 5. HP: 40/46 MP: 4/4
  2208 | D:3      | Noticed Grinder
  2219 | D:3      | Killed Grinder
  2220 | D:3      | Reached skill level 5 in Axes
  2220 | D:3      | Reached skill level 5 in Armour
  2220 | D:3      | Reached skill level 1 in Transmutations
  2220 | D:3      | Reached XP level 6. HP: 25/53 MP: 5/5
  2591 | D:4      | Found an ornate altar of the Wu Jian Council.
  2591 | D:4      | Noticed Duvessa
  2592 | D:4      | Noticed Dowan
  2611 | D:4      | Killed Duvessa
  2614 | D:4      | Killed Dowan
  2615 | D:4      | Reached skill level 1 in Maces & Flails
  2615 | D:4      | Reached XP level 7. HP: 53/60 MP: 6/6
  2694 | D:4      | Reached skill level 6 in Armour
  2711 | D:4      | Found a glowing drain.
  2725 | Sewer    | Entered a sewer
  3368 | D:4      | Got the Atlas of Sharkskin
  3668 | D:4      | Identified the +3 leather armour of Dithmenos's Esteem {Fly
                  | rC- Dex+7}
  3869 | D:4      | Noticed Sigmund
  3881 | D:4      | Killed Sigmund
  3950 | D:4      | Found a runed translucent gate.
  3950 | D:4      | Found a runed translucent gate.
  3951 | D:4      | Found a runed translucent gate.
  3952 | D:4      | Noticed Splishie's ghost (amateur GnWn)
  4099 | D:4      | Reached skill level 5 in Fighting
  4106 | D:4      | HP: 3/61 [kobold/+5 dagger of distortion (17)]
  4107 | D:4      | Slain by Splishie's ghost

Illustrated notes

Levels and vault maps discovered:
D:1:      dpeg_arrival_pits, layout_loops_ring,
          hellmonk_ecumenical_altar_heavens_door
D:2:      layout_loops_ring, uniq_robin
D:3:      layout_basic, minmay_misc_feat_four_crosses, patterned_corridor,
          uniq_grinder
D:4:      layout_basic, mainiacjoe_overflow_cross_hatched,
          cheibrodos_sewer_entry_bend, gammafunk_ghost_nasty_kobolds,
          hangedman_decor_opposing, uniq_duvessa, uniq_sigmund

Skill      XL: |  1  2  3  4  5  6  7 |
---------------+----------------------+-----
Armour         | 4 5 6 |  6.4
Fighting       | 4 5 |  5.0
Axes           | 3 4 5 |  5.1
Shields        | 4 |  4.4
Dodging        | 1 2 3 |  3.1
Transmutations | 1 2 |  2.7
Maces & Flails | 1 3 |  3.1
Throwing       | |  0.4
Stealth        | |  0.2

Action                   |  1- 3 |  4- 6 |  7- 9 || total
-------------------------+-------+-------+-------++-------
Melee: War axe           |    76 |    45 |       ||   121
       Headbutt          |    10 |    12 |    16 ||    38
       Whip              |       |    16 |   107 ||   123
Throw: Dart              |     1 |     1 |       ||     2
  Use: Scroll            |       |     6 |       ||     6
       Potion            |       |     1 |     2 ||     3
 Stab: Distracted        |       |     1 |       ||     1
Armor: Scale mail        |    40 |    21 |    56 ||   117
       Leather armour    |       |       |     6 ||     6
Dodge: Dodged            |    40 |    24 |    83 ||   147
Block: Buckler           |    11 |    10 |    23 ||    44
